 Dungeon Crawl Stone Soup version 0.28-a0-1182-g381e24db82 (webtiles) character file.

Game seed: 1477930811528893537

48 ytrimaz the Covered (level 4, -1/37 HPs)
             Began as a Formicid Fighter on Dec 16, 2021.
             Slain by a goblin (4 damage)
             ... led by Robin
             ... on level 2 of the Dungeon.
             The game lasted 00:01:20 (1316 turns).

ytrimaz the Covered (Formicid Fighter)              Turns: 1316, Time: 00:01:20

Health: -1/37      AC:  0    Str: 22    XL:     4   Next: 0%
Magic:  4/4        EV: 17    Int:  8    God:
Gold:   22         SH:  0    Dex: 15    Spells: 3/3 levels left

rFire   . . .      SeeInvis .   (weapon currently unavailable)
rCold   . . .      Faith    .   (shield currently unavailable)
rNeg    . . .      Spirit   .   (armour currently unavailable)
rPois   .          Reflect  .   (helmet unavailable)
rElec   .          Harm     .   (cloak currently unavailable)
rCorr   .          Rampage  .   (gloves currently unavailable)
Will    .....                   (boots currently unavailable)
Stlth   +.........              (no amulet)
HPRegen 0.12/turn               (ring currently unavailable)
MPRegen 0.09/turn               (ring currently unavailable)

@: mighty, bat-form, flying, very quick
A: fast, flying, no casting, permanent stasis, dig shafts and tunnels, tiny,
(antennae 3), four strong arms
a: no special abilities


You were on level 2 of the Dungeon.
You were a bat.
You visited 1 branch of the dungeon, and saw 2 of its levels.

You collected 22 gold pieces.

Inventory:

Hand Weapons
 a - a +0 war axe (melded)
Armour
 b - a +0 scale mail (melded)
 c - a +0 buckler (melded)
Jewellery
 e - a +6 ring of dexterity (melded)
Scrolls
 f - a scroll of enchant armour
Potions
 g - a potion of curing {unknown}
 h - a potion of berserk rage {unknown}
 j - a potion of flight {unknown}


   Skills:
 * Level 3.8 Fighting
 + Level 2.7 Axes
 * Level 4.1 Armour
 - Level 3.6 Shields


You had 3 spell levels left.
You didn't know any spells.
Your spell library was empty.

Dungeon Overview and Level Annotations

Branches:
Dungeon (2/15)

Altars:

Annotations:
D:2 Robin


Innate Abilities, Weirdness & Mutations

You are a bat.
You are tiny and dextrous.
You move quickly.
You are flying.
Your equipment is almost entirely melded.
You are incapable of wielding weapons or throwing items.
You cannot cast spells.
You cannot be hasted, slowed, berserked, paralysed or teleported.
You can dig through walls and to a lower floor.
((You have a pair of large antennae on your head. (SInv)))
Your four strong arms can wield two-handed weapons with a shield.


Message History

You slash the adder! The adder closely misses you.
Jessica zaps a wand.
You turn into a bat.
Your +0 war axe melds into your body.
Your +0 buckler melds into your body.
Your +0 scale mail melds into your body.
Your +6 ring of dexterity melds into your body.
You feel clumsy. The adder misses you. Jessica hits you with a +0 dagger.
A goblin comes into view. It is wielding a +0 club.
You hit Jessica.
Jessica is moderately wounded.
Jessica zaps a wand.
You resist with some effort. The adder bites you.
Robin of the Strong Arm comes into view.
They are wielding a +0 whip.
Unknown command.
Robin shouts!
You hit Jessica.
Jessica is severely wounded.
You hear a shout!
Jessica closely misses you. The adder closely misses you.
A hobgoblin comes into view.
You barely miss Jessica.
Jessica is severely wounded.
Jessica points at you and mumbles some strange words.
You barely resist. The adder bites you. Robin throws the goblin at you!
The goblin closely misses you.
Jessica points at you and mumbles some strange words.
Pain shoots through your body!
* * * LOW HITPOINT WARNING * * *
Unknown command.
You completely miss Jessica.
Jessica is severely wounded.
The adder closely misses you. Jessica hits you with a +0 dagger.
* * * LOW HITPOINT WARNING * * *
The goblin closely misses you.
A hobgoblin comes into view.
The adder barely misses you.
Unknown command.
You bite Jessica!
You kill Jessica!
The goblin hits you with a +0 club.
You die...

{ { ... .##
.# #..#.. .#
#gg..#.##
{#g#g....
####gg..#
..#gg†.#
#.#g####
#.#S# #.gb#
##)## #.#
#.#
#.#########
#.........#
#########.#
##########.#
...........#


You could see Robin, an adder, 5 hobgoblins and 4 goblins.

Vanquished Creatures
  Jessica (D:2)
  2 dart slugs
  3 ball pythons
  3 endoplasms
  A giant cockroach (D:1)
  6 goblins
  7 hobgoblins
  2 jackals (D:2)
  2 kobolds (D:1)
  4 quokkas
  A bat (D:1)
  A frilled lizard (D:1)
  4 rats
37 creatures vanquished.

Notes
Turn   | Place    | Note
-------+----------+-------------------------------------------
     0 | D:1      | ytrimaz the Formicid Fighter began the quest for the Orb.
     0 | D:1      | Reached XP level 1. HP: 18/18 MP: 1/1
   282 | D:1      | Reached XP level 2. HP: 16/24 MP: 2/2
   555 | D:1      | Reached XP level 3. HP: 30/30 MP: 3/3
   729 | D:1      | Reached skill level 4 in Armour
  1050 | D:2      | Found a faded altar of an unknown god.
  1294 | D:2      | Noticed Jessica
  1310 | D:2      | Reached XP level 4. HP: 34/37 MP: 4/4
  1312 | D:2      | Noticed Robin
  1316 | D:2      | Killed Jessica
  1316 | D:2      | Slain by a goblin

Illustrated notes

Levels and vault maps discovered:
D:1:      wander_arrival_lonely_grave, layout_loops_ring, minivault_4,
          corexii_corridor_pit, minmay_fountain_box, kennysheep_minor_cross,
          minmay_small_reverse_x
D:2:      layout_loops_ring, ebering_ecumenical_altar_hall, uniq_natasha,
          uniq_terence, uniq_jessica, uniq_robin

Skill      XL: |  1  2  3 |
---------------+----------+-----
Armour         | 4 |  4.1
Fighting       | |  3.8
Axes           | |  2.7
Shields        | |  3.6

Action                   |  1- 3 |  4- 6 || total
-------------------------+-------+-------++-------
Melee: War axe           |    97 |     1 ||    98
       Unarmed           |       |     5 ||     5
  Use: Scroll            |     5 |       ||     5
       Potion            |       |     1 ||     1
Armor: Scale mail        |    53 |     1 ||    54
Dodge: Dodged            |    42 |     8 ||    50
Block: Buckler           |    25 |       ||    25

Table legend: (Time is in decaauts)
 A = Elapsed time spent in this place.
 B = Non-inter-level travel time spent in this place.
 C = Inter-level travel time spent in this place.
 D = Time resting spent in this place.
 E = Time spent auto-exploring this place.
 F = Levels seen in this place.
 G = Mean time per level.
                   A        B        C        D        E       F      G
               +--------+--------+--------+--------+--------+-----+--------+
         Total |   1353 |   1338 |     15 |      0 |   1054 |   2 |  676.5 |
       Dungeon |   1353 |   1338 |     15 |      0 |   1054 |   2 |  676.5 |
               +--------+--------+--------+--------+--------+-----+--------+

Top non-repeatable levels by time:
     D:1: 1045 daAuts
     D:2: 308 daAuts
